 Dungeon Crawl Stone Soup version 0.29.1-1-gd02db6906a (webtiles) character file.

Game seed: 3119598287810341103

23 Demigod47 the Trooper (level 2, 0/27 HPs)
             Began as a Minotaur Fighter on Oct 17, 2022.
             Slain by a gnoll
             ... wielding a +0 flail
              (4 damage)
             ... on level 2 of the Dungeon.
             The game lasted 00:01:01 (948 turns).

Demigod47 the Trooper (Minotaur Fighter)             Turns: 948, Time: 00:01:01

Health: 0/27       AC:  9    Str: 20    XL:     2   Next: 72%
Magic:  1/1        EV:  7    Int:  5    God:
Gold:   72         SH:  4    Dex:  9    Spells: 1/1 levels left

rFire   . . .      SeeInvis .   a - +0 flail
rCold   . . .      Faith    .   c - +0 buckler
rNeg    . . .      Spirit   .   g - +0 chain mail
rPois   .          Reflect  .   (helmet restricted)
rElec   .          Harm     .   (no cloak)
rCorr   .          Rampage  .   (no gloves)
Will    .....                   (no boots)
Stlth   ..........              (no amulet)
HPRegen 0.09/turn               (no ring)
MPRegen 0.07/turn               (no ring)

@: no status effects
A: horns 2, retaliatory headbutt
a: no special abilities


You were on level 2 of the Dungeon.
You visited 1 branch of the dungeon, and saw 2 of its levels.

You collected 72 gold pieces.

Inventory:

Hand Weapons
 a - a +0 flail (weapon)
Armour
 b - a +0 scale mail
 c - a +0 buckler (worn)
 g - a +0 chain mail (worn)
Scrolls
 e - 2 scrolls of enchant weapon {unknown}
 h - a scroll of identify {unknown}
 i - a scroll of magic mapping {unknown}
Potions
 d - a potion of might
 f - a potion of degeneration {unknown}
 j - 2 potions of curing {unknown}
 k - a potion of berserk rage {unknown}


   Skills:
 + Level 4.1 Fighting
 * Level 2.9 Maces & Flails
 + Level 3.9 Armour
 + Level 3.9 Shields


You had one spell level left.
You didn't know any spells.
Your spell library contained the following spells:

 Spells                   Type           Power      Damage    Failure   Level
 Beastly Appendage        Tmut           0%         N/A       100%        1
 Wereblood                Tmut           0%         N/A       100%        2
 Conjure Flame            Conj/Fire      0%         6-21      100%        3
 Ignite Poison            Fire/Tmut/Pois 0%         N/A       100%        3
 Spider Form              Tmut/Pois      0%         N/A       100%        3
 Sticky Flame             Conj/Fire      0%         2d3       100%        4


Dungeon Overview and Level Annotations

Branches:
Dungeon (2/15)

Altars:


Innate Abilities, Weirdness & Mutations

You have a pair of horns on your head.
You reflexively headbutt those who attack you in melee.


Message History

You miss the adder. Your headbutt misses the adder.
The adder is almost dead.
You feel sick.
You are no longer poisoned.
The adder bites you. The adder bites you but does no damage.
You miss the adder. Your headbutt misses the adder.
The adder is almost dead.
The adder bites you but does no damage. The adder closely misses you.
You closely miss the adder.
The adder is almost dead.
The adder barely misses you.
You hit the adder.
You kill the adder!
You see here an adder corpse.
Found a scroll labelled GEBBYIRIXUH.
A quokka comes into view.
A gnoll comes into view. It is wielding a +0 flail.
The gnoll shouts!
You hear a shout!
A rat comes into view.
A gnoll comes into view. It is wielding a +0 spear.
The gnoll shouts!
The quokka twitches its whiskers.
A gnoll comes into view. It is wielding a +0 flail.
The quokka closely misses you.
You barely miss the quokka.
A gnoll comes into view. It is wielding a +0 halberd.
The quokka closely misses you. The gnoll barely misses you.
You hit the quokka but do no damage. The quokka bites you.
The quokka barely misses you. The gnoll hits you with a +0 flail!
* * * LOW HITPOINT WARNING * * *
The quokka attacks as you move away! The quokka bites you.
* * * LOW HITPOINT WARNING * * *
The rat bites you but does no damage. The quokka attacks as you move away!
The quokka closely misses you.
The quokka bites you but does no damage.
The quokka bites you but does no damage.
You see here an adder corpse.
The rat attacks as you move away! You block the rat's attack.
The gnoll hits you with a +0 flail.
You die...

####### #.....# #.###.#
###########.# #.# #
#...........# #.#
#.#########.############.#
#..!....r@................
.......rg##.############.#
......g.g##.# #.#
?.......g##.# #.#
.........##.# #.#
.........##.# #.#
.........##.# #.#
.......[.##.# #.#
######...# #.#


You could see 4 gnolls, a quokka and a rat.

Vanquished Creatures
  An adder (D:2)
  2 bats (D:1)
  2 endoplasms (D:2)
  A giant cockroach (D:2)
  A hobgoblin (D:1)
  2 quokkas
  A ball python (D:2)
  3 rats
13 creatures vanquished.

Notes
Turn   | Place    | Note
-------+----------+-------------------------------------------
     0 | D:1      | Demigod47 the Minotaur Fighter began the quest for the Orb.
     0 | D:1      | Reached XP level 1. HP: 19/19 MP: 0/0
   720 | D:2      | Reached XP level 2. HP: 26/27 MP: 1/1
   898 | D:2      | Reached skill level 4 in Fighting
   948 | D:2      | Slain by a gnoll

Illustrated notes

Levels and vault maps discovered:
D:1:      tarquinn_simple_flora_water_e, layout_loops_ring
D:2:      layout_basic, shapermc_ecumenical_altar_gd

Skill      XL: |  1  2 |
---------------+-------+-----
Fighting       | 4 |  4.1
Maces & Flails | |  2.9
Armour         | |  3.9
Shields        | |  3.9

Action                   || total
-------------------------++-------
Melee: Flail             ||    32
Armor: Chain mail        ||    11
       Scale mail        ||     2
Dodge: Dodged            ||    16
Block: Buckler           ||     9
